 Dungeon Crawl Stone Soup version 0.26-a0-752-gcff87cac9a (webtiles) character file.

Game seed: 10229978923595406843

2340 Riddle the Conjurer (level 9, -10/55 HPs)
             Began as a Gargoyle Conjurer on Nov 6, 2020.
             Mangled by a two-headed ogre
             ... wielding a +0 giant club
              (20 damage)
             ... on level 8 of the Dungeon.
             The game lasted 00:13:05 (12132 turns).

Riddle the Conjurer (Gargoyle Conjurer)            Turns: 12132, Time: 00:13:06

Health: -10/55     AC: 10    Str: 11    XL:     9   Next: 43%
Magic:  12/17      EV: 10    Int: 25    God:
Gold:   80         SH:  8    Dex:  8    Spells: 8/18 levels left

rFire    . . .     SeeInvis +   v - +1 scimitar (drain)
rCold    . . .     Faith    .   t - +0 kite shield
rNeg     + + .     Spirit   .   r - +1 robe {rN+}
rPois    ∞         Reflect  .   (no helmet)
rElec    +         Harm     .   u - +0 cloak
rCorr    .         Rampage  .   (no gloves)
MR       .....                  (no boots)
Stlth    ++........             H - amulet of Sasaj {Regen+ Int+3 SInv}
HPRegen  0.58/turn              (no ring)
MPRegen  0.15/turn              (no ring)

@: no status effects
A: negative energy resistance 1, electricity resistance, unbreathing,
petrification resistance, rot immunity, AC +6
a: no special abilities


You were on level 8 of the Dungeon.
You visited 2 branches of the dungeon, and saw 9 of its levels.

You collected 650 gold pieces.
You spent 570 gold pieces at shops.

Inventory:

Hand Weapons
 v - a +1 scimitar of draining (weapon)
Armour
 r - a +1 robe of positive energy (worn)
 t - a +0 kite shield (worn)
 u - a +0 cloak (worn)
Jewellery
 H - the amulet of Sasaj (around neck) {Regen+ Int+3 SInv}
   (You bought it in a shop on level 5 of the Dungeon)

   [amulet of regeneration]

   It affects your intelligence (+3).
   It lets you see invisible.
   It increases your rate of regeneration.
Wands
 k - a wand of paralysis (20)
 q - a wand of flame (27)
 A - a wand of enslavement (11)
Scrolls
 a - a scroll of summoning {unknown}
 d - 3 scrolls of remove curse
 e - 3 scrolls of identify
 h - 3 scrolls of teleportation {unknown}
 i - 2 scrolls of fear {unknown}
 n - a scroll of amnesia {unknown}
 o - a scroll of noise {unknown}
 x - a scroll of holy word {unknown}
 y - a scroll of fog {unknown}
 B - a scroll of immolation {unknown}
 C - 2 scrolls of blinking {unknown}
 D - a scroll of silence {unknown}
 F - 2 scrolls of enchant weapon {unknown}
 G - a scroll of enchant armour {unknown}
Potions
 b - a potion of flight {unknown}
 c - 2 potions of lignification {unknown}
 f - 2 potions of resistance {unknown}
 g - a potion of magic {unknown}
 j - 2 potions of mutation {unknown}
 l - 2 potions of curing
 m - a potion of cancellation {unknown}
 p - 3 potions of brilliance {unknown}
 s - 2 potions of attraction {unknown}
 w - a potion of heal wounds {unknown}
 z - a potion of might {unknown}


   Skills:
 + Level 5.7 Fighting
 - Level 1.5 Dodging
 - Level 2.1 Stealth
 * Level 5.5 Shields
 + Level 5.3 Spellcasting
 + Level 7.3 Conjurations
 * Level 5.3 Hexes


You had 8 spell levels left.
You knew the following spells:

 Your Spells              Type           Power        Failure   Level
a - Magic Dart            Conj           ####         1%          1
b - Searing Ray           Conj           #####.       1%          2
c - Dazzling Flash        Conj/Hex       #####.       6%          3
d - Fulminant Prism       Conj/Hex       #####.....   19%         4

Your spell library contained the following spells:

 Spells                   Type           Power        Failure   Level
 Corona                   Hex            ####...      3%          1
 Confusing Touch          Hex            ####....     9%          3
 Tukima's Dance           Hex            ####....     9%          3
 Ensorcelled Hibernation  Hex/Ice        ###...       13%         2
 Apportation              Tloc           #.....       26%         1
 Iskenderun's Mystic Bla  Conj/Tloc      ####....     50%         4
 Gell's Gravitas          Tloc           #.........   61%         3
 Lesser Beckoning         Tloc           #.........   61%         3
 Metabolic Englaciation   Hex/Ice        ###.......   94%         5
 Yara's Violent Unravell  Hex/Tmut       ###.......   94%         5
 Petrify                  Tmut/Erth      #.......     95%         4
 Invisibility             Hex            ####....     99%         6
 Alistair's Intoxication  Tmut/Pois      #........    100%        5


Dungeon Overview and Level Annotations

Branches:
Dungeon (8/15)             Temple (1/1) D:5
   Lair: D:8-11

Altars:
Ashenzari
Cheibriados
Dithmenos
Elyvilon
Fedhas
Gozag
Hepliaklqana
Kikubaaqudgha
Makhleb
Nemelex Xobeh
Qazlal
Ru
Trog
Uskayaw
Vehumet
Wu Jian
Xom
Zin

Shops:
D:4 (   D:5 =   D:7 }   D:8 :(}[


Innate Abilities, Weirdness & Mutations

You are resistant to torment.
Your stone body is resilient. (AC +6)
You are immune to poison.
You resist negative energy. (rN+)
You are resistant to electric shocks. (rElec)
You can survive without breathing.
You are immune to petrification.
You are immune to rotting.


Message History

Aim: a two-headed ogre, wielding two +0 giant clubs The searing ray hits the two-headed ogre!
The two-headed ogre is lightly wounded. (Press . to maintain the ray.)
The two-headed ogre barely misses you. You block the two-headed ogre's attack.
The searing ray hits the two-headed ogre!
The two-headed ogre is moderately wounded.
Unknown command.
The searing ray hits the two-headed ogre.
The two-headed ogre is heavily wounded.
The two-headed ogre hits you with a +0 giant club!!
The two-headed ogre completely misses you.
Unknown command.
The searing ray hits the two-headed ogre!
The two-headed ogre is heavily wounded.
You finish channeling your searing ray.
The two-headed ogre hits you with a +0 giant club!!
* * * LOW HITPOINT WARNING * * *
The two-headed ogre hits you with a +0 giant club!!
You die...

#....#........#
#.#.....#####.#
.....##.#####.###
####.##.##......# #
#.##.##.#....########
. #.....###........[
###...# ##.######
#.#.# #.# #...# #@#
##..#..O......#
#....#######... #....
## .....# ## ......
_+ . +#


You could see a two-headed ogre.

Vanquished Creatures
  Menkaure (D:5)
  Edmund (D:3)
  An orc warrior (D:8)
  A black bear (D:8)
  An ice beast (D:6)
  A sky beast (D:8)
  2 ogres
  2 centaurs
  A bullfrog (D:5)
  2 scorpions
  4 wights (D:7)
  A howler monkey (D:4)
  An electric eel (D:8)
  A jelly (D:8)
  A bullfrog zombie (D:5)
  A hound (D:4)
  4 orc wizards
  Crazy Yiuf (D:3)
  A bullfrog skeleton (D:8)
  A centaur skeleton (D:4)
  3 orc priests
  4 iguanas
  6 worker ants
  Natasha (thrice) (D:2)
  A hound zombie (D:5)
  3 gnolls (D:7)
  9 adders
  A shadow imp (D:7)
  2 white imps (D:6)
  An ufetubus (D:7)
  3 oozes
  An adder zombie (D:5)
  An adder skeleton (D:5)
  5 worms
  2 dart slugs
  2 leopard geckos (D:3)
  17 orcs
  3 ball pythons (D:1)
  7 bats
  6 giant cockroaches
  12 hobgoblins
  3 jackals (D:1)
  11 kobolds
  2 quokkas
  5 frilled lizards
  6 goblins
  A leopard gecko zombie (D:7)
  A quokka skeleton (D:6)
  11 rats
161 creatures vanquished.

Vanquished Creatures (others)
  34 plants (D:8)
34 creatures vanquished.

Grand Total: 195 creatures vanquished

Notes
Turn   | Place    | Note
-------+----------+-------------------------------------------
     0 | D:1      | Riddle the Gargoyle Conjurer began the quest for the Orb.
     0 | D:1      | Reached XP level 1. HP: 10/10 MP: 3/3
   182 | D:1      | Reached XP level 2. HP: 16/16 MP: 3/5
   220 | D:1      | Learned a level 2 spell: Searing Ray
   253 | D:1      | Reached skill level 1 in Fighting
   891 | D:1      | Reached XP level 3. HP: 20/20 MP: 4/6
  1620 | D:2      | Noticed Natasha
  1647 | D:2      | Killed Natasha
  1647 | D:2      | Reached skill level 5 in Conjurations
  1647 | D:2      | Reached XP level 4. HP: 23/26 MP: 0/8
  2472 | D:2      | Reached XP level 5. HP: 31/31 MP: 6/9
  3202 | D:2      | Noticed Natasha
  3207 | D:2      | Killed Natasha
  3462 | D:2      | Noticed Natasha
  3469 | D:2      | Killed Natasha
  4926 | D:3      | Learned a level 3 spell: Dazzling Flash
  4931 | D:3      | Learned a level 4 spell: Fulminant Prism
  4940 | D:3      | Found a blossoming altar of Fedhas.
  5217 | D:3      | Found a runed translucent door.
  5218 | D:3      | Noticed Crazy Yiuf
  5369 | D:3      | Killed Crazy Yiuf
  5369 | D:3      | Reached XP level 6. HP: 37/37 MP: 7/11
  5462 | D:4      | Found a hide-covered altar of Uskayaw.
  5510 | D:4      | Noticed Edmund
  5597 | D:3      | Killed Edmund
  5597 | D:3      | Reached skill level 1 in Hexes
  5850 | D:4      | Found a white marble altar of Elyvilon.
  5886 | D:4      | Reached skill level 6 in Conjurations
  5886 | D:4      | Reached XP level 7. HP: 40/42 MP: 2/12
  6067 | D:4      | Found an opulent altar of Gozag.
  6103 | D:4      | Found Gesag's Antique Weapon Emporium.
  6620 | D:5      | Entered Level 5 of the Dungeon
  6907 | D:5      | Noticed Menkaure
  6912 | D:5      | Killed Menkaure
  6912 | D:5      | Reached skill level 1 in Shields
  6948 | D:5      | HP: 2/44 [something/magic dart (8)]
  7240 | D:5      | Reached XP level 8. HP: 46/48 MP: 5/14
  7611 | D:5      | Found a staircase to the Ecumenical Temple.
  7914 | D:5      | Found Inwe's Jewellery Boutique.
  8185 | Temple   | Entered the Ecumenical Temple
  8525 | D:6      | Found a shadowy altar of Dithmenos.
  9556 | D:7      | Reached skill level 5 in Fighting
  9967 | D:7      | Got an iridescent quarterstaff
 10291 | D:7      | Identified the cursed +3 quarterstaff of Evvuk {protect,
                  | +Fly Dex+6 Stlth-} (You found it on level 7 of the Dungeon)
 10359 | D:7      | Reached skill level 5 in Spellcasting
 10393 | D:7      | Found Coneor's Gadget Shop.
 10574 | D:7      | Reached XP level 9. HP: 54/54 MP: 9/16
 10631 | D:7      | Reached skill level 7 in Conjurations
 10899 | D:7      | Found a radiant altar of Vehumet.
 11152 | D:5      | Bought the amulet of Sasaj {Regen+ Int+3 SInv} for 570 gold
                  | pieces
 11242 | D:8      | Reached skill level 5 in Shields
 11358 | D:8      | Found a shimmering altar of Xom.
 11382 | D:8      | Reached skill level 5 in Hexes
 11653 | D:8      | Found Zoeje's Book Boutique.
 11730 | D:8      | Found Merhex's Gadget Shop.
 11897 | D:8      | Found Detwuy's Armour Emporium.
 12076 | D:8      | Found Yckoteuz's Antique Weapon Shoppe.
 12126 | D:8      | Found a hazy altar of Hepliaklqana.
 12128 | D:8      | Noticed a two-headed ogre
 12132 | D:8      | Mangled by a two-headed ogre

Illustrated notes

Levels and vault maps discovered:
D:1:      scummos_arrival_simple_fountains, layout_loops_corners
D:2:      layout_basic, uniq_natasha
D:3:      layout_basic, fedhas_altar_2, uniq_crazy_yiuf_cottage
D:4:      layout_loops_ring, grunt_gozag_breadcrumbs,
          eat_drink_and_be_merry_uskayaw, elyvilon_altar_3, serial_shops,
          nicolae_shop_overgrown_old_shop, minmay_misc_feat_pillars, uniq_edmund
D:5:      layout_loops_ring, minmay_temple_entry_nine_rooms, serial_shops,
          nicolae_shop_crystal, nrook_campfire, uniq_menkaure
D:6:      layout_rooms, nicolae_dithmenos_the_darkroom
D:7:      layout_basic, lemuel_round_altar, grunt_decor_one_mirror,
          minmay_shop_grid_forest
D:8:      layout_loops_cross, xom_teletrap_fun, kennysheep_mini,
          lemuel_doored_altar, david_lair_shrubbed, serial_shops,
          kennysheep_mini_moat, nicolae_shop_stone, nicolae_shop_waterfront,
          shop, nicolae_shop_waterfront
Temple:   cyrus_temple_forest

Skill      XL: |  1  2  3  4  5  6  7  8  9 |
---------------+----------------------------+-----
Fighting       | 1 2 3 4 5 |  5.7
Conjurations   | 5 6 7 |  7.3
Spellcasting   | 3 4 5 |  5.3
Hexes          | 2 3 4 5 |  5.3
Shields        | 2 4 5 |  5.5
Dodging        | |  1.5
Stealth        | |  2.1

Action                   |  1- 3 |  4- 6 |  7- 9 || total
-------------------------+-------+-------+-------++-------
Melee: Dagger            |    23 |     1 |       ||    24
       Quarterstaff      |       |     4 |     6 ||    10
       Scimitar          |       |       |    22 ||    22
 Cast: Magic Dart        |    47 |    26 |   111 ||   184
       Searing Ray       |     9 |    40 |    51 ||   100
  Use: Potion            |       |       |     1 ||     1
       Scroll            |       |       |     2 ||     2
Armor: Robe              |    10 |     6 |    48 ||    64
Dodge: Dodged            |    26 |    15 |    40 ||    81
Block: Kite shield       |       |       |    33 ||    33
       Rpst.: Scimitar   |       |       |     7 ||     7

Table legend: (Time is in decaauts)
 A = Elapsed time spent in this place.
 B = Non-inter-level travel time spent in this place.
 C = Inter-level travel time spent in this place.
 D = Time resting spent in this place.
 E = Time spent auto-exploring this place.
 F = Levels seen in this place.
 G = Mean time per level.
                   A        B        C        D        E       F      G
               +--------+--------+--------+--------+--------+-----+--------+
         Total |  12150 |  11553 |    597 |   2040 |   8268 |   9 | 1350.0 |
       Dungeon |  12055 |  11500 |    555 |   2040 |   8217 |   8 | 1506.9 |
        Temple |     94 |     52 |     42 |      0 |     51 |   1 |   94.0 |
               +--------+--------+--------+--------+--------+-----+--------+

Top non-repeatable levels by time:
     D:2: 2676 daAuts
     D:7: 1776 daAuts
     D:5: 1703 daAuts
     D:1: 1648 daAuts
     D:3: 1405 daAuts
     D:6: 1100 daAuts
     D:4: 893 daAuts
     D:8: 851 daAuts
  Temple: 94 daAuts
